 Dungeon Crawl Stone Soup version 0.20-a0-2-g2b0e13a (webtiles) character file.

644 esc the Shield-Bearer (level 7, 0/37 HPs)
             Began as a Vine Stalker Fighter on Oct 29, 2016.
             Slain by a water moccasin (2 damage)
             ... on level 5 of the Dungeon.
             The game lasted 00:10:21 (4078 turns).

esc the Shield-Bearer (Vine Stalker Fighter)        Turns: 4078, Time: 00:10:22

Health: 0/37       AC:  8    Str: 18    XL:     7   Next: 52%
Magic:  0/8        EV:  7    Int:  8    God:
Gold:   194        SH: 10    Dex: 16    Spells: 0 memorised, 6 levels left

rFire  + . .     SeeInvis .       - Unarmed
rCold  . . .     Gourm    .     a - +0 scale mail
rNeg   . . .     Faith    .     b - +0 shield
rPois  .         Spirit   +     (no helmet)
rElec  .         Reflect  .     (no cloak)
rCorr  .         Harm     .     G - +0 pair of gloves
MR     .....                    (no boots)
Stlth  ..........               (no amulet)
                                (no ring)
                                j - ring of protection from fire {rF+, !d}

@: lethally poisoned (0 -> -19), flying
A: fangs 2, regeneration 1, magic shield, antimagic bite, no device heal 3, rot
immunity
a: no special abilities


You were on level 5 of the Dungeon.
You were not hungry.

You visited 1 branch of the dungeon, and saw 5 of its levels.
You also visited: Ossuary.

You collected 194 gold pieces.

Inventory:

Hand Weapons
 c - a +0 dagger
   (You took it off Jessica on level 2 of the Dungeon)
 n - a +0 dagger
   (You took it off a kobold on level 1 of the Dungeon)
 p - a +0 hand axe
   (You found it on level 1 of the Dungeon)
 q - a +0 dagger
   (You found it on level 1 of the Dungeon)
 r - a +0 club
   (You took it off a hobgoblin on level 2 of the Dungeon)
 s - a cursed +0 short sword
   (You took it off a kobold on level 2 of the Dungeon)
 t - a +0 club
   (You took it off a hobgoblin on level 2 of the Dungeon)
 u - a +0 dagger
   (You took it off a goblin on level 2 of the Dungeon)
 v - a +0 club
   (You found it on level 2 of the Dungeon)
 x - a +0 club
   (You took it off a kobold on level 2 of the Dungeon)
 y - a +0 dagger
   (You took it off a kobold on level 2 of the Dungeon)
 A - a +0 club
   (You took it off a hobgoblin on level 2 of the Dungeon)
 C - a +0 club
   (You took it off a gnoll on level 1 of the Dungeon)
 E - a +0 flail
   (You took it off a gnoll on level 2 of the Dungeon)
 F - a +0 halberd
   (You took it off a gnoll on level 2 of the Dungeon)
 H - a +0 blowgun
   (You took it off a kobold on level 3 of the Dungeon)
Missiles
 h - 176 stones (quivered)
 I - 9 poisoned needles
Armour
 a - a +0 scale mail (worn)
 b - a +0 shield (worn)
 G - a +0 pair of gloves (worn)
   (You found it on level 3 of the Dungeon)
Jewellery
 j - a ring of protection from fire (left hand) {rF+, !d}
   (You found it on level 1 of the Dungeon)
 m - an uncursed ring of fire {rF+, rC-}
   (You found it on level 1 of the Dungeon)
Wands
 W - a wand of lightning (3/15)
   (You found it on level 5 of the Dungeon)
Scrolls
 e - 2 scrolls of immolation {!r}
 g - 2 scrolls of blinking {unknown}
 i - 6 scrolls of identify
 o - a scroll of fear {unknown}
 w - 4 scrolls of teleportation {unknown}
 D - a scroll of magic mapping {unknown}
 M - a scroll of remove curse {unknown}
 N - a scroll of enchant armour {unknown}
 Q - a scroll of noise {unknown}
 U - a scroll of enchant weapon {unknown}
Potions
 k - 4 potions of heal wounds
 z - a potion of agility {unknown}
 B - 2 potions of flight
 J - 2 potions of haste {unknown}
 K - a potion of lignification {unknown}
 L - 4 potions of curing {unknown}
 O - a potion of cancellation {unknown}
 P - a potion of brilliance {unknown}
 R - a potion of mutation {unknown}
 S - a potion of might
 T - a potion of degeneration {unknown}
Comestibles
 d - a bread ration {@e1}
 f - 10 fruits
 l - 3 meat rations {@e2}
 V - 3 chunks of flesh {@w0}


   Skills:
 + Level 4.3 Fighting
 + Level 4.2 Armour
 + Level 4.5 Shields
 + Level 4.2 Unarmed Combat


You had 6 spell levels left.
You didn't know any spells.

Dungeon Overview and Level Annotations

Branches:
Dungeon (5/15)
 Temple: D:4-7

Altars:
Vehumet
Zin


Innate Abilities, Weirdness & Mutations

You have extremely sharp teeth.
Your natural rate of healing is unusually fast.
When hurt, damage is shared between your health and your magic reserves.
Your bite disrupts and absorbs the magic of your enemies.
Potions and wands cannot restore your health.
You are immune to rotting.


Message History

All of the chunks of flesh in your inventory have rotted away.
A worker ant comes into view.
The worker ant twitches its antennae in your direction.
Health restored: 37; MP restored: 8 You punch the worker ant!
You bite the worker ant. You drain its power. The worker ant bites you.
You are poisoned.
The worker ant poisons you!
You take 4 damage, and have 33/37 hp.
You now have 7/8 mp.
You hit the worker ant.
You bite the worker ant, but do no damage.
You feel sick. You block the worker ant's attack.
You take 1 damage, and have 32/37 hp.
You closely miss the worker ant. You block the worker ant's attack.
You hit the worker ant.
You kill the worker ant!
You feel sick.
You take 1 damage, and have 32/37 hp.
No target in view!
You see here a worker ant corpse.
You butcher the worker ant corpse.
You feel sick.
V - 3 chunks of flesh {@w0} You feel sick.
You feel sick.
h - 176 stones (gained 24)
A water moccasin comes into view.
The water moccasin hisses angrily.
You regained 2 hp, and now have 35/37 hp.
MP restored: 8 You feel sick.
You take 1 damage, and have 35/37 hp.
You hit the water moccasin but do no damage.
The water moccasin barely misses you. You block the water moccasin's attack.
You completely miss the water moccasin. You block the water moccasin's attack.
Your shield prevents you from hitting the water moccasin.
Your bite misses the water moccasin. You block the water moccasin's attack.
Health restored: 37 You closely miss the water moccasin.
Your bite misses the water moccasin.
You feel sick.
You are no longer poisoned.
You block the water moccasin's attack. The water moccasin bites you.
You take 5 damage, and have 32/37 hp.
You now have 7/8 mp.
You closely miss the water moccasin. Your bite misses the water moccasin.
The water moccasin bites you.
You take 1 damage, and have 31/37 hp.
You miss the water moccasin. Your bite misses the water moccasin.
You block the water moccasin's attack. The water moccasin barely misses you.
You barely miss the water moccasin. The water moccasin bites you.
You are poisoned.
The water moccasin poisons you!
The water moccasin bites you but does no damage.
You now have 6/8 mp.
You miss the water moccasin.
You feel sick. The water moccasin bites you.
You are more poisoned.
The water moccasin poisons you!
You take 3 damage, and have 28/37 hp.
You hit the water moccasin. Your bite misses the water moccasin.
You feel sick.
The water moccasin completely misses you.
You take 1 damage, and have 27/37 hp.
You closely miss the water moccasin.
You bite the water moccasin, but do no damage.
You feel sick.
The water moccasin bites you but does no damage. x2
You take 1 damage, and have 26/37 hp.
You hit the water moccasin. You bite the water moccasin. You drain its power.
You feel invigorated.
You feel sick. You block the water moccasin's attack.
You take 2 damage, and have 24/37 hp.
MP restored: 8 You punch the water moccasin!
Your bite misses the water moccasin.
You feel sick. You block the water moccasin's attack.
The water moccasin bites you.
You are more poisoned.
The water moccasin poisons you!
You take 5 damage, and have 19/37 hp.
You now have 6/8 mp.
Okay, then.
As you read the scroll labeled CAMOIZ POCLU, it crumbles to dust.
The creatures around you are filled with an inner flame!
It was a scroll of immolation.
You feel very sick. The water moccasin bites you.
You are more poisoned.
The water moccasin poisons you!
You take 7 damage, and have 12/37 hp.
You now have 5/8 mp.
As you read the scroll labeled NERRUCKOCO, it crumbles to dust.
It is a scroll of identify.
k - 4 potions of heal wounds
* * * LOW HITPOINT WARNING * * *
You feel very sick. The water moccasin bites you.
* * * LOW HITPOINT WARNING * * *
You take 5 damage, and have 7/37 hp.
You now have 4/8 mp.
Okay, then.
It was a potion of flight.
You feel very buoyant.
You fly up into the air.
* * * LOW HITPOINT WARNING * * *
You feel sick. The water moccasin bites you.
* * * LOW HITPOINT WARNING * * *
The water moccasin bites you.
You die...

$# ##.# #... #..
#.. #.#####$.
#S#......
#@.......
#.#.####.
.###.###.#.####.
................
.....###.#.#####
##.#####.#.#
.........#.#
.#.#####.#.####
#####......#


You could see a water moccasin (inner flame).

Vanquished Creatures
  4 water moccasin zombies (Ossuary)
  An orc priest (D:3)
  Jessica (D:2)
  Natasha (D:2)
  A bullfrog skeleton (D:5)
  3 worker ants
  2 big kobold zombies (Ossuary)
  2 mummies (Ossuary)
  3 gnolls
  A howler monkey skeleton (D:4)
  3 adders
  A worm zombie (D:4)
  6 adder zombies (Ossuary)
  4 worms (D:2)
  2 dart slugs
  5 orcs
  A ball python (D:1)
  2 giant cockroaches (D:2)
  3 gnoll zombies (Ossuary)
  3 goblins
  10 hobgoblins
  4 jackals (D:1)
  A quokka (D:2)
  7 bats
  A frilled lizard (D:1)
  5 hobgoblin zombies (Ossuary)
  8 kobolds
  3 kobold zombies (Ossuary)
  6 orc zombies (Ossuary)
  4 rats
98 creatures vanquished.

Notes
Turn   | Place    | Note
-------+----------+-------------------------------------------
     0 | D:1      | esc the Vine Stalker Fighter began the quest for the Orb.
     0 | D:1      | Reached XP level 1. HP: 11/11 MP: 2/2
   252 | D:1      | Reached skill level 3 in Shields
   252 | D:1      | Reached XP level 2. HP: 16/16 MP: 3/3
   568 | D:2      | Noticed Jessica
   577 | D:2      | HP: 3/16 [Jessica/dagger (4)]
   579 | D:2      | Killed Jessica
   579 | D:2      | Reached XP level 3. HP: 3/19 MP: 1/4
   861 | D:2      | Reached skill level 3 in Fighting
  1111 | D:2      | Gained mutation: Your natural rate of healing is unusually fast. [Vine Stalker growth]
  1111 | D:2      | Reached XP level 4. HP: 24/24 MP: 5/5
  1750 | D:2      | Reached skill level 3 in Armour
  1766 | D:2      | Noticed Natasha
  1775 | D:2      | Killed Natasha
  1775 | D:2      | Reached skill level 3 in Unarmed Combat
  1775 | D:2      | Reached XP level 5. HP: 24/28 MP: 6/6
  2434 | D:3      | Found a radiant altar of Vehumet.
  2434 | D:3      | Found a glowing silver altar of Zin.
  2715 | D:4      | Found a sand-covered staircase.
  2735 | Ossuary  | Entered an ossuary
  2763 | Ossuary  | Reached XP level 6. HP: 32/33 MP: 7/7
  2819 | Ossuary  | Reached skill level 4 in Shields
  2858 | Ossuary  | Reached skill level 4 in Fighting
  2872 | Ossuary  | Reached skill level 4 in Unarmed Combat
  2887 | Ossuary  | Reached XP level 7. HP: 35/37 MP: 6/8
  3637 | D:3      | Reached skill level 4 in Armour
  3989 | D:5      | Entered Level 5 of the Dungeon
  4077 | D:5      | HP: 7/37 [water moccasin (3)]
  4078 | D:5      | HP: 2/37 [water moccasin (3)]
  4078 | D:5      | Slain by a water moccasin

Vault maps used:
D:1:      erik_arrival_triangle_small, minmay_misc_feat_x, item_on_display_a
D:2:      uniq_natasha, uniq_jessica
D:3:      gammafunk_temple_overflow_wave
D:4:      enter_ossuary_3
D:5:      lemuel_coloured_pillars_altar, basic_altar, serial_shops, shop,
          first_bread, grunt_ministairs_7, minmay_crossroads
Ossuary:  ossuary_tomb_2

Skill      XL: |  1  2  3  4  5  6  7 |
---------------+----------------------+-----
Shields        | 3 4 |  4.5
Fighting       | 3 4 |  4.3
Armour         | 3 4 |  4.2
Unarmed Combat | 3 4 |  4.2

Action                   |  1- 3 |  4- 6 |  7- 9 || total
-------------------------+-------+-------+-------++-------
Melee: Unarmed           |    72 |   270 |   144 ||   486
       Bite              |    24 |   106 |    49 ||   179
  Use: Potion            |     1 |       |     1 ||     2
       Scroll            |       |       |     2 ||     2
  Eat: Chunk             |     1 |     4 |     3 ||     8
       Beef jerky        |       |     1 |       ||     1
       Fruit             |       |       |     1 ||     1
Armor: Scale mail        |    12 |   120 |    39 ||   171
Dodge: Dodged            |    18 |    82 |    33 ||   133
Block: Shield            |    26 |   135 |    71 ||   232

Vault maps used:
D:1:      erik_arrival_triangle_small, minmay_misc_feat_x, item_on_display_a
D:2:      uniq_natasha, uniq_jessica
D:3:      gammafunk_temple_overflow_wave
D:4:      enter_ossuary_3
D:5:      lemuel_coloured_pillars_altar, basic_altar, serial_shops, shop,
          first_bread, grunt_ministairs_7, minmay_crossroads
Ossuary:  ossuary_tomb_2

Table legend:
 A = Turns spent in this place as a percentage of turns spent in the entire game.
 B = Non-inter-level travel turns spent in this place as a percentage of non-inter-level travel turns spent in the entire game.
 C = Inter-level travel turns spent in this place as a percentage of turns spent in this place.
 D = Turns resting spent in this place as a percentage of non-inter-level travel turns spent in this place.
 E = Turns spent auto-exploring this place as a percentage of non-inter-level travel turns spent in this place.
 F = Non-inter-level travel turns spent in this place divided by the number of levels of this place that you've seen.
                   A       B       C       D       E      F
               +-------+-------+-------+-------+-------+----------------------
         Total | 100.0 | 100.0 |   0.4 |   0.5 |  10.9 | 196.3
       Dungeon |  77.3 |  77.2 |   0.5 |   0.4 |  10.9 | 181.8
       Ossuary |  22.7 |  22.8 |   0.0 |   0.7 |  10.8 | 269.0
               +-------+-------+-------+-------+-------+----------------------

Table legend:
 A = Kills in this place as a percentage of kills in entire the game.
 B = Kills by you in this place as a percentage of kills by you in the entire game.
 C = Kills by friends in this place as a percentage of kills by friends in the entire game.
 D = Other kills in this place as a percentage of other kills in the entire game.
 E = Experience gained in this place as a percentage of experience gained in the entire game.
 F = Experience gained in this place divided by the number of levels of this place that you have seen.
                   A       B       C       D       E      F
               +-------+-------+-------+-------+-------+----------------------
         Total | 100.0 | 100.0 |  -nan |  -nan | 100.0 | 153.3
       Dungeon |  68.4 |  68.4 |  -nan |  -nan |  51.2 |  94.2
       Ossuary |  31.6 |  31.6 |  -nan |  -nan |  48.8 | 449.0
               +-------+-------+-------+-------+-------+----------------------
